 Dungeon Crawl Stone Soup version 0.31.0-9-g3a7656b989 (webtiles) character file.

Game seed: 17042017749248518536

131 qw the Shooter (level 4, -6/23 HPs)
             Began as a Spriggan Hunter on Feb 2, 2024.
             Killed from afar by Ijyb (7 damage)
             ... with a puff of flame
             ... on level 3 of the Dungeon.
             The game lasted 00:00:06 (1824 turns).

qw the Shooter (Spriggan Hunter)                    Turns: 1824, Time: 00:00:06

Health: -6/23      AC:  4    Str:  7    XL:     4   Next: 91%
Magic:  5/5        EV: 20    Int: 10    God:
Gold:   105        SH:  0    Dex: 20    Spells: 3/3 levels left

rFire   . . .        a - +1 shortbow
rCold   . . .        (shield currently unavailable)
rNeg    . . .        c - +0 robe
rPois   .            f - +1 hat {SInv}
rElec   .            l - +0 cloak
rCorr   .            (gloves unavailable)
SInv    +            (boots unavailable)
Will    .....        (no amulet)
Stlth   ++           (no ring)
HPRegen 0.23/turn    (no ring)
MPRegen 0.09/turn

%: no passive effects
@: very quick
A: very small, no large weapons, unfitting armour, see invisible, speed 3
a: no special abilities


You were on level 3 of the Dungeon.
You visited 1 branch of the dungeon, and saw 3 of its levels.

You collected 105 gold pieces.


Innate Abilities, Weirdness & Mutations

You are very small and have problems with some larger weapons.
You are too small for most types of armour.
You have supernaturally acute eyesight. (SInv)
You cover ground extremely quickly. (Speed+++)


   Skills:
 - Level 2.0 Fighting
 + Level 5.1 Ranged Weapons
 - Level 5.0 Dodging
 - Level 1.5 Stealth


You had 3 spell levels left.
You didn't know any spells.
Your spell library was empty.

Inventory:

Hand Weapons
 a - a +1 shortbow (weapon)
Armour
 c - a +0 robe (worn)
 f - a +1 hat of see invisible (worn)
 l - a +0 cloak (worn)
Wands
 j - a wand of iceblast (13)
Scrolls
 b - a scroll of enchant armour {unknown}
Potions
 d - a potion of might {unknown}
 g - a potion of haste {unknown}
 h - a potion of berserk rage {unknown}
 k - a potion of invisibility {unknown}

Dungeon Overview and Level Annotations

Branches:
Dungeon (3/15)

Altars:

Annotations:
D:3 Ijyb


Message History

1803 ||| FLEEEEING.
Ijyb zaps a wand.
The puff of flame misses you.
1804 ||| FLEEEEING.
1805 ||| FLEEEEING.
1806 ||| FLEEEEING.
You start resting.
Ijyb is nearby!
1810 ||| FLEEEEING.
1811 ||| FLEEEEING.
You shoot an arrow. The arrow hits Ijyb but does no damage.
Ijyb is moderately wounded.
You shoot an arrow. The arrow closely misses Ijyb.
Ijyb screams, "Die!"
You shoot an arrow. The arrow hits Ijyb.
Ijyb is moderately wounded.
You shoot an arrow. The arrow closely misses Ijyb.
You shoot an arrow. The arrow hits Ijyb but does no damage.
Ijyb is moderately wounded.
Ijyb hits you with a +0 dagger.
You shoot an arrow. The arrow hits Ijyb but does no damage.
Ijyb is moderately wounded.
Ijyb closely misses you.
You shoot an arrow. The arrow closely misses Ijyb.
Ijyb hits you with a +0 dagger. Ijyb closely misses you.
You shoot an arrow. The arrow hits Ijyb.
Ijyb is moderately wounded.
Ijyb completely misses you.
You shoot an arrow. The arrow hits Ijyb.
Ijyb is moderately wounded.
Ijyb hits you with a +0 dagger.
You shoot an arrow. The arrow barely misses Ijyb.
Ijyb hits you with a +0 dagger.
You shoot an arrow. The arrow closely misses Ijyb.
Ijyb zaps a wand.
The puff of flame hits you!
You shoot an arrow. The arrow closely misses Ijyb.
Ijyb zaps a wand.
The puff of flame hits you.
You shoot an arrow. The arrow hits Ijyb.
Ijyb is heavily wounded.
Ijyb zaps a wand.
The puff of flame hits you!
You die...

####### ###.....#
###### #####
.##.....####....###...#
.'......'..'....@.....#
.##.....####....#g..).#
.##............##...###
.######........##...###
#######........#####..#
........############..#
........# .........#
......... .........#
.#####... .........#


You could see Ijyb.

Vanquished Creatures
  Robin (D:2)
  A gnoll (D:1)
  4 adders
  3 dart slugs
  3 endoplasms
  A giant cockroach (D:1)
  18 goblins
  7 hobgoblins
  9 jackals
  3 kobolds
  A quokka (D:2)
  5 ball pythons
  3 bats (D:1)
  A frilled lizard (D:1)
  A rat (D:1)
61 creatures vanquished.

Notes
Turn   | Place    | Note
-------+----------+-------------------------------------------
     0 | D:1      | qw the Spriggan Hunter began the quest for the Orb.
     0 | D:1      | Reached XP level 1. HP: 10/10 MP: 2/2
     0 | D:1      | 0 ||| qw: Version: 0.3-a-155-g5e7d8dd
     0 | D:1      | 0 ||| qw: Game counter: 297
     0 | D:1      | 0 ||| qw: Melee chars always use a shield: true
     0 | D:1      | 0 ||| qw: God list: Okawaru
     0 | D:1      | 0 ||| qw: Allow faded altars: false
     0 | D:1      | 0 ||| qw: Do Orc after clearing Dungeon:15 true
     0 | D:1      | 0 ||| qw: Do second Lair branch before Depths: true
     0 | D:1      | 0 ||| qw: Lair rune preference: random
     0 | D:1      | 0 ||| qw: Goals: Normal
     0 | D:1      | 0 ||| PLANNING D:1-11
    64 | D:1      | Reached skill level 3 in Dodging
   198 | D:1      | Reached XP level 2. HP: 14/14 MP: 3/3
   462 | D:1      | Reached XP level 3. HP: 15/18 MP: 4/4
   795 | D:1      | 795 ||| UPGRADING to +1 hat of see invisible.
   800 | D:1      | 800 ||| READING scroll labelled POMNUI JUOTIR.
   800 | D:1      | 800 ||| ENCHANTING +0 shortbow.
   801 | D:1      | 801 ||| READING scroll labelled JUABIPP UCOE.
   802 | D:1      | 802 ||| READING scroll labelled AWEZALUJIPT.
   834 | D:1      | 834 ||| DROPPING scroll of butterflies.
   948 | D:2      | Reached XP level 4. HP: 22/22 MP: 5/5
   964 | D:2      | Noticed Robin
   967 | D:2      | Killed Robin
  1415 | D:2      | Found a faded altar of an unknown god.
  1697 | D:2      | 1697 ||| UPGRADING to +0 cloak.
  1702 | D:2      | 1702 ||| READING scroll labelled PIGUIDIA IKOSH.
  1703 | D:2      | 1703 ||| READING scroll labelled OGATEG UFEIW.
  1706 | D:2      | 1706 ||| READING scroll labelled MASAPT LELUL.
  1799 | D:3      | Noticed Ijyb
  1803 | D:3      | 1803 ||| FLEEEEING.
  1804 | D:3      | 1804 ||| FLEEEEING.
  1805 | D:3      | 1805 ||| FLEEEEING.
  1806 | D:3      | 1806 ||| FLEEEEING.
  1810 | D:3      | 1810 ||| FLEEEEING.
  1811 | D:3      | 1811 ||| FLEEEEING.
  1823 | D:3      | HP: 1/23 [Ijyb/puff of flame (6)]
  1824 | D:3      | Killed from afar by Ijyb

Levels and vault maps discovered:
D:1:      scummos_arrival_star, layout_basic
D:2:      layout_loops_corners, serial_rivers, chequers_serial_rivers_small_b,
          chequers_serial_rivers_micro_a, chequers_serial_rivers_micro_b,
          chequers_serial_rivers_small_a, chequers_serial_rivers_micro_b,
          shapermc_ecumenical_altar_acropolis, grunt_ministairs_3, uniq_robin
D:3:      layout_basic, gammafunk_temple_overflow_claw, dk_xom_monty_hall,
          uniq_ijyb, uniq_jessica, uniq_crazy_yiuf_cottage

Skill      XL: |  1  2  3  4 |
---------------+-------------+-----
Dodging        | 3 4 5 |  5.0
Ranged Weapons | 5 |  5.1
Fighting       | 2 |  2.0
Stealth        | |  1.5

Action                     |  1- 3 |  4- 6 || total
---------------------------+-------+-------++-------
   Fire: Shortbow          |    94 |    57 ||   151
    Use: Scroll            |     3 |     3 ||     6
 Armour: Robe              |    13 |     9 ||    22
  Dodge: Dodged            |    38 |     6 ||    44

Table legend:
 A = Non-vault XP
 B = Vault XP
 C = Vault XP percentage of total XP
 D = Non-vault monster count
 E = Vault monster count
 F = Vault count percentage of total count
                 A         B        C        D         E       F
            +---------+---------+-------+---------+---------+-------
      Total |     147 |      41 |  21.8 |      47 |      14 |  23.0
            +---------+---------+-------+---------+---------+-------
        D:1 |      69 |       0 |   0.0 |      30 |       0 |   0.0
        D:2 |      59 |      41 |  41.0 |      13 |      14 |  51.9
        D:3 |      19 |       0 |   0.0 |       4 |       0 |   0.0
            +---------+---------+-------+---------+---------+-------
